AoeStats
← fatcat15513

Arena

505066385Analyzed
3v3 RM · 23d ago on Sep 7, 2026· 54m 14s· 6 players
Game mode
Random Map
Map size
Normal (6 player)
Population
200
Speed
Normal
Resources
Standard
Victory
Conquest
Starting age
Dark Age
Ending age
Imperial Age
RankedLock teamsTeams togetherTeam positionsShared explorationLock speedFull tech treeHidden civsTurbo modeCheats
Victory
Defeat
🇹🇼 Koreans · Taiwan
1206
+12
🇹🇼 Britons · Taiwan
1126
+15
🇧🇷 Poles · Brazil
1053
+18
🇮🇳 Magyars · India
1145
-17
🇺🇸 Koreans · United States
1108
-15
🇺🇸 Franks · United States
1061
-13
Baylon
2:45 Loom
10:09 Feudal Age
16:58 Castle Age
15:35 Double-Bit Axe
18:55 Bow Saw
31:06 Ballistics
36:43 Scale Barding Armor
36:48 Forging
38:53 Iron Casting
Demon
4:01 Loom
7:04 Loom
9:53 Feudal Age
10:38 Horse Collar
17:38 Castle Age
15:56 Double-Bit Axe
17:09 Scale Barding Armor
17:50 Light Cavalry
18:30 Light Cavalry
19:39 Chain Barding Armor
22:28 Bloodlines
24:17 Husbandry
25:18 Wheelbarrow
30:49 Heavy Plow
34:07 Imperial Age
32:29 Bow Saw
32:29 Corvinian Army
33:44 Stone Mining
34:16 Elite Magyar Huszar
35:14 Hand Cart
34:45 Town Watch
37:25 Conscription
37:54 Plate Barding Armor
40:08 Hoardings
42:59 Fletching
44:00 Murder Holes
45:52 Masonry
48:32 Bodkin Arrow
52:39 Bracer
52:23 Treadmill Crane
54:05 Ballistics
55:05 Chemistry
My Baby Shot Me Down
10:15 Feudal Age
11:09 Loom
15:48 Castle Age
16:29 Double-Bit Axe
19:00 Horse Collar
23:38 Bow Saw
23:31 Heavy Plow
23:39 Stone Mining
25:19 Wheelbarrow
25:14 Gold Mining
33:27 Imperial Age
31:41 Fletching
33:13 Forging
33:11 Scale Mail Armor
34:11 Bodkin Arrow
34:34 Chain Mail Armor
34:22 Pikeman
35:36 Conscription
36:18 Plate Mail Armor
35:51 Squires
36:36 Forging
37:12 Town Watch
37:33 Halberdier
38:53 Bodkin Arrow
39:42 Iron Casting
38:48 Elite Skirmisher
40:11 Bracer
40:24 Eupseong
43:25 Hand Cart
47:49 Ballistics
rNy-
10:15 Feudal Age
10:55 Horse Collar
11:02 Double-Bit Axe
11:10 Stone Mining
17:20 Castle Age
18:37 Bow Saw
18:41 Heavy Plow
18:23 Light Cavalry
20:13 Loom
21:37 Wheelbarrow
21:44 Stone Shaft Mining
22:43 Gold Mining
23:31 Szlachta Privileges
24:14 Bloodlines
24:06 Husbandry
26:54 Forging
27:01 Scale Barding Armor
35:11 Imperial Age
36:27 Crop Rotation
36:36 Conscription
37:45 Iron Casting
37:31 Chain Barding Armor
37:53 Hand Cart
39:05 Cavalier
40:24 Winged Hussar
LocalMomsHelper
10:30 Feudal Age
14:33 Castle Age
12:33 Double-Bit Axe
12:32 Horse Collar
15:36 Scale Mail Armor
16:44 Town Watch
17:07 Squires
17:21 Forging
19:22 Loom
19:39 Gambesons
24:19 Wheelbarrow
24:01 Bow Saw
29:14 Fletching
32:50 Imperial Age
32:35 Chain Mail Armor
32:56 Elite Fire Lancer
34:51 Treadmill Crane
36:03 Bodkin Arrow
38:49 Bracer
41:44 Plate Mail Armor
43:50 Iron Casting
43:13 Loom
43:44 Hand Cart
46:23 Arrowslits
47:00 Ballistics
46:28 Arrowslits
47:45 Chemistry
fatcat15513
10:42 Feudal Age
14:40 Castle Age
12:56 Double-Bit Axe
13:22 Horse Collar
16:00 Bow Saw
17:17 Loom
24:29 Gold Mining
24:29 Stone Mining
24:29 Gold Mining
25:59 Fortified Wall
26:41 Wheelbarrow
27:05 Fletching
31:54 Gold Shaft Mining
33:43 Heavy Plow
37:57 Imperial Age
37:10 Ballistics
37:43 Bodkin Arrow
38:52 Padded Archer Armor
41:09 Chemistry
39:49 Treadmill Crane
41:58 Conscription
41:40 Bracer
41:28 Crossbowman
42:35 Arbalester
46:06 Forging
45:30 Pikeman
46:11 Squires
45:56 Gambesons
45:56 Arson
45:56 Gambesons
45:42 Man-at-Arms
46:45 Capped Ram
47:32 Long Swordsman
48:54 Leather Archer Armor
49:15 Iron Casting
48:41 Scale Mail Armor
48:39 Two-Handed Swordsman
48:39 Halberdier
50:46 Ring Archer Armor
51:16 Yeomen
50:48 Champion
52:08 Halberdier
53:46 Elite Longbowman
54:29 Warwolf
Connection lost

Rejoining the realm…

Still unreachable

The connection could not be restored.

Session expired

The server has moved on; the page needs a fresh start.